 Seeded DCSS version 0.29-a0-284-gf9362112df (webtiles) character file.

Game seed: 20220325 (custom seed)

168 gzilladon the Chopper (level 5, -3/47 HPs)
             Began as a Hill Orc Monk on Mar 25, 2022.
             Slain by a black bear (6 damage)
             ... on level 4 of the Dungeon.
             The game lasted 00:14:48 (3733 turns).

gzilladon the Chopper (Hill Orc Monk)               Turns: 3733, Time: 00:14:49

Health: -3/47      AC: 11    Str: 18    XL:     5   Next: 49%
Magic:  5/5        EV:  6    Int: 10    God:
Gold:   176        SH:  0    Dex: 13    Spells: 4/4 levels left

rFire   . . .      SeeInvis .   a - +0 hand axe
rCold   . . .      Faith    +   (no shield)
rNeg    . . .      Spirit   .   v - +0 plate armour
rPois   .          Reflect  .   (no helmet)
rElec   .          Harm     .   (no cloak)
rCorr   +          Rampage  .   (no gloves)
Will    .....                   (no boots)
Stlth   ..........              p - amulet of faith
HPRegen 0.15/turn               h - ring of resist corrosion
MPRegen 0.09/turn               (no ring)

@: flying
A: strong 1, devolution 1
a: no special abilities


You were on level 4 of the Dungeon.
You visited 1 branch of the dungeon, and saw 4 of its levels.

You collected 176 gold pieces.

Inventory:

Hand Weapons
 a - a +0 hand axe (weapon)
Missiles
 e - 199 stones (quivered)
Armour
 b - a +0 robe
 g - a +0 chain mail
 j - a +0 chain mail
 u - a +0 chain mail
 v - a +0 plate armour (worn)
 w - a +0 scale mail
Jewellery
 h - a ring of resist corrosion (left hand)
 k - an amulet of reflection
 p - an amulet of faith (around neck)
Scrolls
 d - 2 scrolls of magic mapping {unknown}
 f - 2 scrolls of amnesia {unknown}
 i - a scroll of fog {unknown}
 o - 2 scrolls of identify {unknown}
 r - 3 scrolls of noise {unknown}
 s - a scroll of blinking {unknown}
 t - a scroll of teleportation {unknown}
Potions
 l - a potion of degeneration {unknown}
 m - a potion of flight
 q - 2 potions of brilliance {unknown}


   Skills:
 + Level 4.7 Fighting
 + Level 5.8 Axes
 * Level 2.5 Armour
 + Level 2.7 Dodging
 - Level 1.6 Stealth


You had 4 spell levels left.
You didn't know any spells.
Your spell library contained the following spells:

 Spells                   Type           Power      Damage    Failure   Level
 Summon Small Mammal      Summ           0%         N/A       100%        1
 Call Canine Familiar     Summ           0%         N/A       100%        3
 Summon Guardian Golem    Hex/Summ       0%         N/A       100%        3


Dungeon Overview and Level Annotations

Branches:
Dungeon (4/15)
 Temple: D:4-7

Altars:
Elyvilon

Shops:
D:1 *   D:3 *?*


Innate Abilities, Weirdness & Mutations

Your muscles are strong. (Str +2)
You have hidden genetic defects.


Message History

The black bear claws you but does no damage. x2
The black bear attacks as you move away!
The black bear bites you but does no damage.
The black bear barely misses you.
The black bear claws you but does no damage.
You hit the black bear.
The black bear is heavily wounded.
The black bear bites you but does no damage.
The black bear claws you but does no damage. x2
You slash the black bear!
The black bear is severely wounded.
You barely miss the scorpion.
The black bear goes berserk!
The scorpion stings you.
You hit the black bear but do no damage.
The black bear is severely wounded.
You hit the scorpion. The black bear bites you.
* * * LOW HITPOINT WARNING * * *
The black bear claws you but does no damage. x2
The scorpion stings you but does no damage.
The black bear bites you but does no damage.
The black bear claws you but does no damage. x2
You hit the black bear but do no damage.
The black bear is severely wounded.
You hit the scorpion but do no damage.
The scorpion stings you but does no damage.
The black bear bites you!
* * * LOW HITPOINT WARNING * * *
The black bear claws you.
* * * LOW HITPOINT WARNING * * *
The black bear claws you but does no damage.
The scorpion stings you but does no damage.
It was a potion of mutation.
You feel extremely strange.
You feel a hidden malignance growing inside you.
You feel stronger. The black bear barely misses you.
The black bear closely misses you. The black bear barely misses you.
The black bear bites you but does no damage.
The black bear claws you but does no damage.
The black bear claws you.
You die...

....# #...###.......
....#
##.......#.......:...#.
....#
.........#....######.#
.......
#.......#...........#
.......
#.......#...........#
#......
#.......#.....†.....#
......
#.......#...†.......#
......
#.....s.#....######.#
..... #....@h......#
#.# .....
###.....###### #.#
####### #.# ###


You could see a black bear (berserk) and a scorpion.

Vanquished Creatures
  A hound (D:3)
  Natasha (D:4)
  3 adders (D:2)
  3 worms (D:3)
  3 dart slugs
  8 endoplasms
  A giant cockroach (D:3)
  9 goblins
  9 hobgoblins
  3 jackals (D:2)
  A quokka (D:1)
  10 ball pythons
  3 bats
  3 frilled lizards
  6 kobolds
  4 rats
68 creatures vanquished.

Notes
Turn   | Place    | Note
-------+----------+-------------------------------------------
     0 | D:1      | gzilladon the Hill Orc Monk began the quest for the Orb.
     0 | D:1      | Reached XP level 1. HP: 19/19 MP: 1/1
   398 | D:1      | Reached XP level 2. HP: 27/27 MP: 2/2
   828 | D:1      | Found a faded altar of an unknown god.
  1147 | D:1      | Found Cuoso's Assorted Antiques.
  1318 | D:1      | Reached XP level 3. HP: 33/33 MP: 3/3
  1600 | D:2      | Reached skill level 5 in Axes
  1841 | D:2      | Reached XP level 4. HP: 38/41 MP: 4/4
  1868 | D:2      | Reached skill level 1 in Armour
  1975 | D:2      | Found a white marble altar of Elyvilon.
  2366 | D:3      | Found Heocir's General Store.
  2536 | D:3      | Found Jonnucw's Magic Scroll Emporium.
  2567 | D:3      | Found Lualla's Assorted Antiques.
  2657 | D:3      | Reached XP level 5. HP: 29/47 MP: 5/5
  3628 | D:4      | Noticed a black bear
  3706 | D:4      | Noticed Natasha
  3715 | D:4      | Killed Natasha
  3733 | D:4      | Gained mutation: You have hidden genetic defects. [potion
                  | of mutation]
  3733 | D:4      | Gained mutation: Your muscles are strong. (Str +2) [potion
                  | of mutation]
  3733 | D:4      | Slain by a black bear

Illustrated notes

Levels and vault maps discovered:
D:1:      dpeg_arrival_arbitrary_c, layout_basic, serial_shops,
          nicolae_shop_behind_doors, nicolae_ecumenical_snake_handling
D:2:      layout_basic, basic_altar
D:3:      layout_basic, serial_shops, shop, shop, shop_scrolls
D:4:      layout_basic, minmay_temple_entry_nine_rooms, uniq_duvessa,
          uniq_blork_the_orc, uniq_ijyb, uniq_natasha

Skill      XL: |  1  2  3  4 |
---------------+-------------+-----
Fighting       | 4 |  4.7
Axes           | 5 |  5.8
Armour         | 2 |  2.5
Dodging        | |  2.7
Stealth        | |  1.6

Action                   |  1- 3 |  4- 6 || total
-------------------------+-------+-------++-------
Melee: Hand axe          |   107 |   144 ||   251
       Punch             |       |     2 ||     2
  Use: Potion            |       |     4 ||     4
Armor: Robe              |     4 |       ||     4
       Chain mail        |    47 |    89 ||   136
       Plate armour      |       |    62 ||    62
Dodge: Dodged            |    42 |    62 ||   104
Block: Other             |    10 |     9 ||    19
       Reflection        |       |     1 ||     1

Table legend: (Time is in decaauts)
 A = Elapsed time spent in this place.
 B = Non-inter-level travel time spent in this place.
 C = Inter-level travel time spent in this place.
 D = Time resting spent in this place.
 E = Time spent auto-exploring this place.
 F = Levels seen in this place.
 G = Mean time per level.
                   A        B        C        D        E       F      G
               +--------+--------+--------+--------+--------+-----+--------+
         Total |   3730 |   3471 |    259 |    610 |     46 |   4 |  932.5 |
       Dungeon |   3730 |   3471 |    259 |    610 |     46 |   4 |  932.5 |
               +--------+--------+--------+--------+--------+-----+--------+

Top non-repeatable levels by time:
     D:1: 1471 daAuts
     D:3: 1180 daAuts
     D:2: 901 daAuts
     D:4: 176 daAuts
